 Dungeon Crawl Stone Soup version 0.31-a0-876-gfe8ebadbca (webtiles) character file.

Game seed: 15639311398584915781

114 Shayle the Changeling (level 5, 0/41 HPs)
             Began as a Human Shapeshifter on Oct 13, 2023.
             Slain by a rat (1 damage)
             ... in a sewer.
             The game lasted 00:04:09 (1481 turns).

Shayle the Changeling (Human Shapeshifter)          Turns: 1481, Time: 00:04:09

Health: 0/41       AC:  6    Str: 15    XL:     5   Next: 19%
Magic:  5/5        EV:  6    Int: 12    God:
Gold:   175        SH:  0    Dex: 12    Spells: 4/4 levels left

rFire   + . .        b - +7 Throatcutter {drain, coup de grace}
rCold   . . .        (no shield)
rNeg    . . .        g - +0 scale mail {rF+}
rPois   .            (helmet currently unavailable)
rElec   .            (cloak currently unavailable)
rCorr   .            (gloves currently unavailable)
SInv    .            (boots currently unavailable)
Will    .....        (no amulet) Stlth
                     (no ring)
HPRegen 0.26/turn    (no ring)
MPRegen 0.09/turn

%: no passive effects
@: lethally poisoned (0 -> -2), beast-form, constricted, very slow
A: beast (slay +2)
a: Begin Untransformation


You were in a sewer.
You were a hulking beast.
You visited 1 branch of the dungeon, and saw 3 of its levels.
You also visited: Sewer.

You collected 175 gold pieces.

Inventory:

Hand Weapons
 b - the +7 Throatcutter (weapon) {drain, coup de grace}
   (You took it off Terence on level 2 of the Dungeon)
 h - a +2 whip of draining
Armour
 a - a +0 animal skin
 g - a +0 scale mail of fire resistance (worn)
Jewellery
 i - a +6 ring of strength
Talismans
 c - a beast talisman (active)
 d - a flux talisman
Scrolls
 e - a scroll of blinking {unknown}
 f - a scroll of identify {unknown}
 j - a scroll of teleportation {unknown}


   Skills:
 + Level 3.2 Fighting
 - Level 2.0 Dodging
 - Level 3.0 Unarmed Combat
 + Level 4.2 Shapeshifting


You had 4 spell levels left.
You didn't know any spells.
Your spell library was empty.

Dungeon Overview and Level Annotations

Branches:
Dungeon (3/15)              Sewer (1/1)

Altars:
Qazlal
Xom

Annotations:
D:2 1 runed translucent door, Crazy Yiuf


Message History

The adder bites you but does no damage.
The rat bites you but does no damage. x2
You miss the adder.
You feel very sick. The ball python bites you. The ball python constricts you.
The adder bites you. The rat barely misses you.
The rat bites you but does no damage. The rat bites you.
The ball python bites you but does no damage.
The ball python constricts you. The adder bites you but does no damage.
The rat bites you but does no damage.
Unknown command.
You aren't carrying any potions.
Unknown command.
Okay, then.
Your unstable footing causes you to fumble your attack.
You feel sick. The adder bites you but does no damage.
The ball python bites you.
* * * LOW HITPOINT WARNING * * *
The ball python constricts you. The rat bites you but does no damage.
The rat bites you.
* * * LOW HITPOINT WARNING * * *
The rat splashes around in the water.
The ball python barely misses you. The ball python constricts you.
The adder barely misses you.
The rat bites you but does no damage. x2
You closely miss the adder.
You feel sick. The adder bites you.
* * * LOW HITPOINT WARNING * * *
The ball python bites you but does no damage.
The ball python constricts you. The rat barely misses you. The rat bites you.
* * * LOW HITPOINT WARNING * * *
The rat barely misses you. The adder barely misses you.
Unknown command.
Unknown command.
Your unstable footing causes you to fumble your attack.
* * * LOW HITPOINT WARNING * * *
You feel sick.
The ball python bites you but does no damage.
The ball python constricts you. The rat bites you but does no damage.
The adder bites you.
* * * LOW HITPOINT WARNING * * *
The rat bites you.
You die...

#≈≈≈~.≈#
#≈≈#~≈≈#
#≈.~≈≈≈#
#≈≈~≈≈≈#
#≈≈~≈≈≈#
#≈≈~≈≈≈#
#≈≈~≈≈≈#
#≈≈†≈≈≈#
##Shr~##
#.Srr..#
#......##
#.......#
........##
......####
...### ###


You could see an adder, a ball python and 3 rats.

Vanquished Creatures
  Terence (D:2)
  4 adders (D:3)
  A river rat (Sewer)
  3 dart slugs (D:1)
  4 endoplasms
  3 giant cockroaches
  A goblin (D:1)
  4 hobgoblins (D:1)
  7 kobolds
  2 quokkas (D:1)
  3 ball pythons
  3 bats (D:2)
  2 frilled lizards
  3 rats
41 creatures vanquished.

Notes
Turn   | Place    | Note
-------+----------+-------------------------------------------
     0 | D:1      | Shayle the Human Shapeshifter began the quest for the Orb.
     0 | D:1      | Reached XP level 1. HP: 15/15 MP: 1/1
    76 | D:1      | Found a faded altar of an unknown god.
    95 | D:1      | Reached XP level 2. HP: 17/21 MP: 2/2
   306 | D:1      | Reached XP level 3. HP: 19/27 MP: 3/3
  1019 | D:2      | Noticed Terence
  1028 | D:2      | Killed Terence
  1029 | D:2      | Reached XP level 4. HP: 33/33 MP: 4/4
  1143 | D:2      | Found a runed translucent door.
  1144 | D:2      | Noticed Crazy Yiuf
  1166 | D:2      | You fall into a shaft and drop 1 floor!
  1303 | D:3      | Found a shimmering altar of Xom.
  1377 | D:3      | Found a stormy altar of Qazlal.
  1424 | D:3      | Found a glowing drain.
  1440 | D:3      | Reached skill level 4 in Shapeshifting
  1444 | D:3      | Reached XP level 5. HP: 41/41 MP: 5/5
  1451 | Sewer    | Entered a sewer
  1480 | Sewer    | HP: 2/41 [rat (3)]
  1481 | Sewer    | Slain by a rat

Illustrated notes

Levels and vault maps discovered:
D:1:      roadster_arrival_rocket_large, layout_basic,
          hellmonk_ecumenical_altar_slurped_away
D:2:      layout_loops_corners, st_stairs_10, hangedman_decor_growths,
          uniq_terence, uniq_crazy_yiuf_cottage
D:3:      layout_basic, cheibriados_altar_1, mainiacjoe_overflow_alcove_4,
          mainiacjoe_overflow_cross_hatched, gup_sewer_entry_glass,
          grunt_decor_arrowhead
Sewer:    sewer_minmay_w

Skill      XL: |  1  2  3  4 |
---------------+-------------+-----
Fighting       | 2 3 |  3.2
Shapeshifting  | 4 |  4.2
Dodging        | |  2.0
Unarmed Combat | |  3.0

Action                     |  1- 3 |  4- 6 || total
---------------------------+-------+-------++-------
  Melee: Unarmed           |    93 |       ||    93
         Punch             |     2 |       ||     2
         Long sword        |       |    25 ||    25
    Use: Potion            |     1 |       ||     1
   Stab: Sleeping          |     2 |       ||     2
 Armour: Animal skin       |    36 |       ||    36
         Skin              |     4 |       ||     4
         Scale mail        |       |    56 ||    56
  Dodge: Dodged            |    34 |    31 ||    65

Table legend: (Time is in decaauts)
 A = Elapsed time spent in this place.
 B = Non-inter-level travel time spent in this place.
 C = Inter-level travel time spent in this place.
 D = Time resting spent in this place.
 E = Time spent auto-exploring this place.
 F = Levels seen in this place.
 G = Mean time per level.
                   A        B        C        D        E       F      G
               +--------+--------+--------+--------+--------+-----+--------+
         Total |   1494 |   1483 |     11 |    187 |    750 |   4 |  373.5 |
       Dungeon |   1451 |   1440 |     11 |    187 |    733 |   3 |  483.7 |
         Sewer |     43 |     43 |      0 |      0 |     17 |   1 |   43.0 |
               +--------+--------+--------+--------+--------+-----+--------+

Top non-repeatable levels by time:
     D:1: 844 daAuts
     D:2: 316 daAuts
     D:3: 290 daAuts
   Sewer: 43 daAuts
